 Dungeon Crawl Stone Soup version 0.27-a0-1105-g946c659c87 (webtiles) character file.

Game seed: 17424437093747351818

56 robertstho the Skirmisher (level 3, -1/30 HPs)
             Began as a Demonspawn Berserker on Apr 29, 2021.
             Was a Believer of Trog.
             Slain by Sigmund
             ... wielding a +0 scythe
              (10 damage)
             ... on level 3 of the Dungeon.
             The game lasted 00:02:40 (2525 turns).

robertstho the Skirmisher (Demonspawn Berserker)    Turns: 2525, Time: 00:02:40

Health: -1/30      AC: 10    Str: 18    XL:     3   Next: 71%
Magic:  3/3        EV:  7    Int:  8    God:    Trog [**....]
Gold:   47         SH:  0    Dex: 12    Spells: 2/2 levels left

rFire    + . .     SeeInvis .   a - +0 hand axe
rCold    + . .     Faith    .   (no shield)
rNeg     . . .     Spirit   .   g - +0 chain mail
rPois    .         Reflect  .   (no helmet)
rElec    .         Harm     .   b - scarf {rC+ rF+}
rCorr    .         Rampage  .   (no gloves)
Will     ++...                  (no boots)
Stlth    ..........             (no amulet)
HPRegen  1.10/turn              (no ring)
MPRegen  0.08/turn              (no ring)

@: mighty, strong-willed, on berserk cooldown, regenerating, slowed, very slow
A: thin metallic scales 1
a: Renounce Religion, Berserk, Trog's Hand


You were on level 3 of the Dungeon.
You worshipped Trog.
Trog was pleased with you.
You visited 1 branch of the dungeon, and saw 3 of its levels.

You collected 47 gold pieces.

Inventory:

Hand Weapons
 a - a +0 hand axe (weapon)
Armour
 b - a scarf of resistance (worn)
 g - a +0 chain mail (worn)
Potions
 c - a potion of might
 d - a potion of resistance {unknown}
 e - 2 potions of lignification {unknown}
 f - a potion of degeneration {unknown}
 i - a potion of attraction {unknown}


   Skills:
 * Level 3.9 Fighting
 + Level 3.0 Axes
 * Level 2.1 Armour
 + Level 2.2 Dodging
 + Level 0.2 Stealth


You had 2 spell levels left.
You didn't know any spells.
Your spell library was empty.

Dungeon Overview and Level Annotations

Branches:
Dungeon (3/15)

Altars:
Wu Jian
Xom

Annotations:
D:3 Sigmund


Innate Abilities, Weirdness & Mutations

You are partially covered in thin metallic scales. (AC +2)


Message History

Sigmund is severely wounded.
Sigmund hits you with a +0 scythe.
You are no longer berserk.
You are exhausted.
You feel yourself slow down.
Found an escape hatch in the floor.
You're too confused to move!
Sigmund casts a spell at himself.
Sigmund flickers and vanishes!
Deactivating autopickup; reactivate with Ctrl-A.
You hear some strange, mumbled words.
A puff of flame appears from out of thin air!
The puff of flame hits you but does no damage.
You're too confused to move!
You feel less confused. Something completely misses you.
You hit something. Something hits you but does no damage.
You hear some strange, mumbled words.
A puff of flame appears from out of thin air!
The puff of flame hits you but does no damage.
You miss something. Something hits you. Something hits you!
Your skin crawls.
You feel strong-willed. Something hits you.
You miss something. Something hits you but does no damage.
You hear some strange, mumbled words.
Something tries to affect you, but you resist.
You feel very mighty all of a sudden. Something hits you!
* * * LOW HITPOINT WARNING * * *
Something hits you but does no damage.
Okay, then.
You aren't carrying any items that you can evoke.
Unknown command.
Okay, then.
You miss something. Something hits you.
* * * LOW HITPOINT WARNING * * *
You barely miss something. Something hits you but does no damage.
Something hits you!
You die...

.#######.# #.###
.........# #.... #
.#####.<.# #.###
#. #.#.# #.### #..
#.#.#######....
#>#
#.#.........###
#.####.###########
#.{..........
#.#@##.####### #
##.##...# #.# #
#...###.# #.# #
.....##.# #.# #
.........# #.# #
.#.....#..# #.# #
#.##...##..# #.# #
# ##.###..# #.###
.. #..# #.##.


There were no monsters in sight!

Vanquished Creatures
  An adder (D:3)
  3 worms (D:2)
  A dart slug (D:1)
  2 bats
  5 endoplasms
  2 goblins (D:1)
  2 hobgoblins (D:2)
  6 jackals (D:1)
  3 kobolds
  A quokka (D:1)
  2 ball pythons
  4 frilled lizards (D:1)
  2 rats (D:1)
34 creatures vanquished.

Notes
Turn   | Place    | Note
-------+----------+-------------------------------------------
     0 | D:1      | robertstho the Demonspawn Berserker began the quest for the
                  | Orb.
     0 | D:1      | Reached XP level 1. HP: 18/18 MP: 1/1
    95 | D:1      | Gained mutation: You are partially covered in thin metallic
                  | scales. (AC +2) [demonic ancestry]
    95 | D:1      | Reached XP level 2. HP: 19/24 MP: 2/2
   870 | D:1      | Reached ** piety under Trog
   879 | D:1      | Reached XP level 3. HP: 23/30 MP: 3/3
   994 | D:1      | Found a shimmering altar of Xom.
  1461 | D:2      | Found an ornate altar of the Wu Jian Council.
  1481 | D:2      | Found a faded altar of an unknown god.
  2504 | D:3      | Noticed Sigmund
  2525 | D:3      | Slain by Sigmund

Illustrated notes

Levels and vault maps discovered:
D:1:      nzn_arrival_crosshair, layout_loops_ring, kennysheep_flooded_box,
          minmay_stone_trees_small
D:2:      layout_loops_ring, chequers_ecumenical_altar_simple, basic_altar,
          minmay_misc_feat_cross
D:3:      layout_loops_ring, uniq_sigmund

Skill      XL: |  1  2  3 |
---------------+----------+-----
Dodging        | 2 |  2.2
Armour         | 2 |  2.1
Axes           | 3 |  3.0
Fighting       | |  3.9
Stealth        | |  0.2

Action                   || total
-------------------------++-------
Melee: Hand axe          ||   138
Invok: Berserk           ||     5
       Trog's Hand       ||     1
  Use: Scroll            ||     2
       Potion            ||     1
 Stab: Sleeping          ||     2
Armor: Animal skin       ||    28
       Chain mail        ||    20
Dodge: Dodged            ||    71

Table legend: (Time is in decaauts)
 A = Elapsed time spent in this place.
 B = Non-inter-level travel time spent in this place.
 C = Inter-level travel time spent in this place.
 D = Time resting spent in this place.
 E = Time spent auto-exploring this place.
 F = Levels seen in this place.
 G = Mean time per level.
                   A        B        C        D        E       F      G
               +--------+--------+--------+--------+--------+-----+--------+
         Total |   2589 |   2522 |     67 |    405 |   1821 |   3 |  863.0 |
       Dungeon |   2589 |   2522 |     67 |    405 |   1821 |   3 |  863.0 |
               +--------+--------+--------+--------+--------+-----+--------+

Top non-repeatable levels by time:
     D:1: 1355 daAuts
     D:2: 1102 daAuts
     D:3: 131 daAuts
